 Dungeon Crawl Stone Soup version 0.27-a0-1140-g099f9bb0e8 (webtiles) character file.

Game seed: 5009039060235885444

1841 jasper the Changer (level 9, -4/54 HPs)
             Began as a Kobold Transmuter on May 9, 2021.
             Slain by a wyvern skeleton (6 damage)
             ... on level 7 of the Dungeon.
             The game lasted 00:12:27 (8259 turns).

jasper the Changer (Kobold Transmuter)              Turns: 8259, Time: 00:12:28

Health: -4/54      AC: 10    Str:  8    XL:     9   Next: 33%
Magic:  10/12      EV: 16    Int: 17    God:
Gold:   255        SH:  0    Dex: 15    Spells: 3/12 levels left

rFire    . . .     SeeInvis .     - Unarmed
rCold    . . .     Faith    .   (shield restricted)
rNeg     . . .     Spirit   .   g - +0 leather armour
rPois    .         Reflect  .   s - +0 helmet
rElec    .         Harm     .   (no cloak)
rCorr    .         Rampage  .   t - +0 pair of gloves
Will     .....                  b - +0 pair of boots
Stlth    ++........             (no amulet)
HPRegen  0.18/turn              u - +4 ring of protection
MPRegen  0.13/turn              l - ring of wizardry

@: wereblooded (expiring), hasted, very quick
A: small, no large weapons, nightstalker 3
a: no special abilities


You were on level 7 of the Dungeon.
You visited 2 branches of the dungeon, and saw 8 of its levels.
You also visited: Sewer.

You collected 255 gold pieces.

Inventory:

Missiles
 j - 117 stones
 o - 3 boomerangs (quivered)
Armour
 a - a +0 robe
 b - a +0 pair of boots (worn)
 g - a +0 leather armour (worn)
 s - a +0 helmet (worn)
 t - a +0 pair of gloves (worn)
Jewellery
 h - a +6 ring of strength
 l - a ring of wizardry (right hand)
 u - a +4 ring of protection (left hand)
Wands
 q - a wand of flame (14)
Scrolls
 c - 2 scrolls of amnesia
 d - 4 scrolls of teleportation
 m - 2 scrolls of vulnerability
 n - a scroll of identify
 p - a scroll of fear
Potions
 e - 2 potions of magic
 f - a potion of curing
 i - 2 potions of degeneration
 k - a potion of lignification


   Skills:
 + Level 5.3 Fighting
 + Level 6.4 Dodging
 + Level 5.7 Unarmed Combat
 - Level 2.1 Spellcasting
 - Level 4.0 Hexes
 * Level 6.6 Transmutations


You had 3 spell levels left.
You knew the following spells:

 Your Spells              Type           Power      Damage    Failure   Level
a - Beastly Appendage     Tmut           48%        N/A       1%          1
b - Wereblood             Tmut           24%        N/A       1%          2
c - Spider Form           Tmut/Pois      6%         N/A       9%          3
d - Confusing Touch       Hex            15%        N/A       6%          3

Your spell library contained the following spells:

 Spells                   Type           Power      Damage    Failure   Level
 Foxfire                  Conj/Fire      4%         2x1d4     12%         1
 Magic Dart               Conj           4%         1d3       12%         1
 Searing Ray              Conj           2%         3d3       16%         2
 Dazzling Flash           Conj/Hex       16%        N/A       16%         3
 Inner Flame              Hex/Fire       8%         N/A       16%         3
 Conjure Flame            Conj/Fire      1%         6-21      32%         3
 Gell's Gravitas          Tloc           0%         N/A       32%         3
 Hydra Form               Tmut           12%        N/A       21%         5
 Ice Form                 Ice/Tmut       13%        N/A       26%         4
 Petrify                  Tmut/Erth      13%        N/A       26%         4
 Yara's Violent Unravell  Hex/Tmut       10%        3d6       32%         5
 Fulminant Prism          Conj/Hex       4%         3d6       43%         4
 Iskenderun's Mystic Bla  Conj/Tloc      1%         2d3       69%         4
 Sticky Flame             Conj/Fire      1%         2d3       69%         4
 Metabolic Englaciation   Hex/Ice        4%         N/A       77%         5
 Fireball                 Conj/Fire      0%         3d3       95%         5


Dungeon Overview and Level Annotations

Branches:
Dungeon (7/15)             Temple (1/1) D:5           Sewer (visited)

Altars:
Dithmenos
Elyvilon
Fedhas
Kikubaaqudgha
Nemelex Xobeh
Okawaru
Ru
Sif Muna
Uskayaw
Vehumet
Zin
The Shining One

Annotations:
D:2 exclusion: necrophage
D:6 2 runed translucent doors


Innate Abilities, Weirdness & Mutations

You are small and have problems with some larger weapons.
You are completely attuned to the shadows.


Message History

The shadow imp is almost dead.
You feel sick.
You are no longer poisoned.
You kill the shadow imp!
You take 1 damage, and have 33/54 hp.
You hit the iguana.
The iguana is poisoned.
The iguana is lightly wounded.
The iguana bites you but does no damage.
You hit the iguana but do no damage.
The iguana is lightly wounded.
The wyvern skeleton bites you!
You take 14 damage, and have 19/54 hp.
MASSIVE DAMAGE!!
You completely miss the iguana.
The iguana is lightly wounded.
The wyvern skeleton misses you. The iguana completely misses you.
You hit the iguana.
The iguana is lightly wounded.
The wyvern skeleton closely misses you. The iguana barely misses you.
The wyvern skeleton closely misses you.
You hit the iguana.
The iguana looks as sick as possible!
The iguana is heavily wounded.
Your transformation has ended.
Your +0 helmet unmelds from your body.
Your +0 pair of gloves unmelds from your body.
Your +0 pair of boots unmelds from your body.
Your +0 leather armour unmelds from your body.
The iguana bites you!
* * * LOW HITPOINT WARNING * * *
The wyvern skeleton barely misses you.
You take 10 damage, and have 9/54 hp.
You feel better. The iguana bites you!
* * * LOW HITPOINT WARNING * * *
The wyvern skeleton misses you.
An iguana comes into view.
You take 7 damage, and have 2/54 hp.
You feel yourself speed up.
You howl as the wereblood boils in your veins!
Your primal bloodlust is almost over.
The wyvern skeleton bites you.
You die...

+............#
#............+
#............#+###+
.###########........
.......+.........
.......#.........
.......#.........
...Z...#.........
#...@###.........
#####l.l.#+##....
#....# .... #....#
.... #....# ....
........ ..♣♣♣...(
.. ....


You could see 2 iguanas and a wyvern skeleton.

Vanquished Creatures
  Sigmund (D:3)
  Purgy (Sewer)
  An ice beast (D:5)
  A sky beast (D:6)
  A hornet zombie (D:6)
  2 ogres
  A kobold brigand (D:6)
  6 scorpions
  3 killer bees (D:7)
  A centaur zombie (D:6)
  3 jellies
  A bullfrog skeleton (D:6)
  A gnoll shaman (D:6)
  2 orc priests (D:4)
  2 iguanas
  A scorpion zombie (D:5)
  5 gnolls
  A howler monkey skeleton (D:4)
  8 adders
  3 shadow imps
  2 adder skeletons
  A dart slug (D:4)
  4 worms
  5 orcs
  4 bats (D:1)
  7 endoplasms
  6 giant cockroaches
  4 goblins
  4 hobgoblins
  2 jackals (D:2)
  8 kobolds
  5 quokkas
  13 ball pythons
  5 frilled lizards
  3 rats
118 creatures vanquished.

Vanquished Creatures (others)
  A gnoll (D:6)
1 creature vanquished.

Grand Total: 119 creatures vanquished

Notes
Turn   | Place    | Note
-------+----------+-------------------------------------------
     0 | D:1      | jasper the Kobold Transmuter began the quest for the Orb.
     0 | D:1      | Reached XP level 1. HP: 12/12 MP: 3/3
   241 | D:1      | Reached XP level 2. HP: 7/16 MP: 3/5
   454 | D:1      | Learned a level 2 spell: Wereblood
   697 | D:1      | Found a faded altar of an unknown god.
  1104 | D:1      | Reached XP level 3. HP: 21/21 MP: 4/6
  1504 | D:1      | Learned a level 3 spell: Spider Form
  2172 | D:2      | Noticed a necrophage
  2305 | D:3      | Reached XP level 4. HP: 24/26 MP: 5/7
  2454 | D:3      | Noticed Sigmund
  2473 | D:3      | Killed Sigmund
  2474 | D:3      | Reached XP level 5. HP: 23/32 MP: 2/8
  2474 | D:3      | Reached XP level 6. HP: 26/37 MP: 2/9
  2876 | D:3      | Learned a level 3 spell: Confusing Touch
  3607 | D:4      | Reached skill level 1 in Hexes
  3616 | D:4      | Reached XP level 7. HP: 40/41 MP: 7/10
  3811 | D:4      | Found a glowing drain.
  3834 | Sewer    | Entered a sewer
  3925 | Sewer    | Noticed Purgy
  3935 | Sewer    | Killed Purgy
  5151 | D:5      | Entered Level 5 of the Dungeon
  5395 | D:5      | Reached skill level 5 in Dodging
  5616 | D:5      | Reached XP level 8. HP: 48/48 MP: 7/11
  5649 | D:5      | Found a staircase to the Ecumenical Temple.
  5673 | Temple   | Entered the Ecumenical Temple
  5949 | D:5      | Reached skill level 5 in Transmutations
  6000 | D:5      | HP: 1/48 [gnoll/+0 halberd (8)]
  6695 | D:6      | Reached skill level 5 in Unarmed Combat
  7151 | D:6      | Found a runed translucent door.
  7233 | D:6      | Reached XP level 9. HP: 52/53 MP: 6/12
  7305 | D:6      | Found a runed translucent door.
  7586 | D:6      | Reached skill level 5 in Fighting
  8258 | D:7      | HP: 2/54 [iguana (13)]
  8259 | D:7      | Slain by a wyvern skeleton

Illustrated notes

Levels and vault maps discovered:
D:1:      lightli_arrival_statuegarden, layout_loops_ring,
          shapermc_ecumenical_altar_mp_ritualfount, serial_bayou_crossing
D:2:      layout_loops_ring
D:3:      layout_loops_ring, uniq_sigmund
D:4:      layout_basic, gup_sewer_entry_glass, dk_noncrumbling_4
D:5:      layout_loops_ring, minmay_temple_entry_glass
D:6:      layout_basic, regret_index_temple_of_mockery, ebering_ghost_sewer_f
D:7:      layout_gridville, kennysheep_little_box, dk_yredelemnul_ordeal,
          grunt_temple_overflow_open, kennysheep_decorative_pillar,
          minmay_misc_feat_room
Temple:   nicolae_temple_hex_pool

Skill      XL: |  1  2  3  4  5  6  7  8  9 |
---------------+----------------------------+-----
Dodging        | 3 4 5 6 |  6.4
Fighting       | 2 3 4 5 |  5.3
Unarmed Combat | 4 5 |  5.7
Transmutations | 3 4 5 6 |  6.6
Hexes          | 1 2 4 |  4.0
Spellcasting   | |  2.1

Action                   |  1- 3 |  4- 6 |  7- 9 || total
-------------------------+-------+-------+-------++-------
Melee: Unarmed           |   102 |    80 |   247 ||   429
       Kick              |    23 |     8 |    20 ||    51
       Headbutt          |    16 |     4 |    12 ||    32
       Punch             |     2 |       |     1 ||     3
Throw: Boomerang         |       |       |     6 ||     6
 Cast: Beastly Appendage |    28 |    13 |     5 ||    46
       Spider Form       |       |     6 |    30 ||    36
       Confusing Touch   |       |       |     4 ||     4
       Wereblood         |       |       |     3 ||     3
  Use: Scroll            |     3 |       |     7 ||    10
       Potion            |       |     1 |     4 ||     5
 Stab: Sleeping          |    12 |     4 |     5 ||    21
       Confused          |       |       |     5 ||     5
Armor: Robe              |     7 |       |       ||     7
       Leather armour    |     8 |     6 |    13 ||    27
       Skin              |       |     4 |     8 ||    12
Dodge: Dodged            |    85 |    54 |   214 ||   353

Table legend: (Time is in decaauts)
 A = Elapsed time spent in this place.
 B = Non-inter-level travel time spent in this place.
 C = Inter-level travel time spent in this place.
 D = Time resting spent in this place.
 E = Time spent auto-exploring this place.
 F = Levels seen in this place.
 G = Mean time per level.
                   A        B        C        D        E       F      G
               +--------+--------+--------+--------+--------+-----+--------+
         Total |   8281 |   8038 |    243 |    929 |   5945 |   9 |  920.1 |
       Dungeon |   7523 |   7290 |    233 |    929 |   5286 |   7 | 1074.7 |
        Temple |    232 |    222 |     10 |      0 |    215 |   1 |  232.0 |
         Sewer |    525 |    525 |      0 |      0 |    444 |   1 |  525.0 |
               +--------+--------+--------+--------+--------+-----+--------+

Top non-repeatable levels by time:
     D:4: 1611 daAuts
     D:1: 1528 daAuts
     D:6: 1500 daAuts
     D:3: 1136 daAuts
     D:5: 995 daAuts
     D:2: 679 daAuts
   Sewer: 525 daAuts
  Temple: 232 daAuts
     D:7: 71 daAuts
